 Dungeon Crawl Stone Soup version 0.26-a0-854-gdc81c2f471 (webtiles) character file.

Game seed: 13505420872193775100

348 ALWAYSlose the Firebug (level 6, -3/44 HPs)
             Began as a Gnoll Wanderer on Nov 22, 2020.
             Was an Initiate of Ru.
             Slain by an ogre
             ... wielding a +0 giant club
              (24 damage)
             ... on level 5 of the Dungeon on Nov 23, 2020.
             The game lasted 00:06:18 (5168 turns).

ALWAYSlose the Firebug (Gnoll Wanderer)             Turns: 5168, Time: 00:06:18

Health: -3/44      AC:  9    Str: 14    XL:     6   Next: 60%
Magic:  9/9        EV: 10    Int: 16    God:    Ru [......]
Gold:   222        SH:  0    Dex: 17    Spells: 6/9 levels left

rFire    . . .     SeeInvis .   a - +0 dagger
rCold    . . .     Faith    .   (no shield)
rNeg     . . .     Spirit   .   d - +2 scale mail
rPois    +         Reflect  .   (no helmet)
rElec    .         Harm     .   (no cloak)
rCorr    .         Rampage  .   (no gloves)
MR       .....                  (no boots)
Stlth    ++........             e - amulet of magic regeneration
HPRegen  0.14/turn              (no ring)
MPRegen  0.36/turn              (no ring)

@: no status effects
A: distributed training, fangs 1, thin skeletal structure 1, poison resistance,
MP-powered wands, strong nose
a: Renounce Religion


You were on level 5 of the Dungeon.
You worshipped Ru.
Ru was noncommittal.
You visited 2 branches of the dungeon, and saw 5 of its levels.

You collected 222 gold pieces.

Inventory:

Hand Weapons
 a - a +0 dagger (weapon)
Missiles
 f - 16 poisoned darts (quivered)
Armour
 d - a +2 scale mail (worn)
 r - a +0 buckler
Jewellery
 e - an amulet of magic regeneration (around neck)
Wands
 h - a wand of paralysis (7)
 j - a wand of acid (8)
 o - a wand of digging (7)
Scrolls
 b - 2 scrolls of random uselessness {unknown}
 c - 3 scrolls of magic mapping {unknown}
 g - 2 scrolls of fog {unknown}
 i - a scroll of remove curse {unknown}
 k - 6 scrolls of identify {unknown}
 l - a scroll of immolation {unknown}
Potions
 m - 2 potions of ambrosia {unknown}
 n - a potion of attraction {unknown}
 p - a potion of magic {unknown}
 q - a potion of curing


   Skills:
 + Level 2.0 Fighting
 + Level 2.0 Short Blades
 + Level 2.0 Long Blades
 + Level 2.0 Axes
 + Level 3.3 Maces & Flails
 + Level 2.0 Polearms
 + Level 2.0 Staves
 + Level 2.0 Slings
 + Level 2.0 Bows
 + Level 2.0 Crossbows
 + Level 2.0 Throwing
 + Level 5.0 Armour
 + Level 2.0 Dodging
 + Level 3.1 Stealth
 + Level 3.3 Shields
 + Level 2.0 Unarmed Combat
 + Level 2.0 Spellcasting
 + Level 2.6 Conjurations
 + Level 1.6 Hexes
 + Level 1.6 Summonings
 + Level 1.6 Necromancy
 + Level 1.6 Translocations
 + Level 1.6 Transmutations
 + Level 7.3 Fire Magic
 + Level 1.6 Ice Magic
 + Level 1.6 Air Magic
 + Level 1.6 Earth Magic
 + Level 1.6 Poison Magic
 + Level 2.2 Invocations
 + Level 2.0 Evocations


You had 6 spell levels left.
You knew the following spells:

 Your Spells              Type           Power        Failure   Level
a - Stone Arrow           Conj/Erth      #.....       69%         3

Your spell library contained the following spells:

 Spells                   Type           Power        Failure   Level
 Foxfire                  Conj/Fire      ###.         10%         1
 Freeze                   Ice            #...         38%         1
 Summon Small Mammal      Summ           #...         38%         1
 Call Imp                 Summ           #.......     52%         2
 Call Canine Familiar     Summ           #.......     77%         3
 Frozen Ramparts          Ice            #.....       77%         3
 Summon Guardian Golem    Hex/Summ       #.......     77%         3
 Summon Ice Beast         Ice/Summ       #.......     99%         4
 Summon Lightning Spire   Summ/Air       #.......     99%         4


Dungeon Overview and Level Annotations

Branches:
Dungeon (5/15)             Temple (1/1) D:5

Altars:
Ashenzari
Cheibriados
Elyvilon
Fedhas
Gozag
Kikubaaqudgha
Nemelex Xobeh
Okawaru
Qazlal
Ru
Vehumet
Xom
Zin


Innate Abilities, Weirdness & Mutations

Your experience applies equally to all skills.
You have very sharp teeth.
Your uncanny sense of smell can sniff out nearby items.
You have a somewhat thin skeletal structure. (Dex +2, Stealth)
Your system is resistant to poisons. (rPois)
You expend magic power (3 MP) to strengthen your wands.


Message History

You hit the ogre.
The ogre is lightly wounded.
You barely miss the ogre. You bite the ogre, but do no damage.
The ogre is lightly wounded.
The ogre hits you with a +0 giant club.
You hit the ogre.
The ogre is lightly wounded.
The ogre hits you with a +0 giant club!
You are too injured to fight recklessly!
You are too injured to fight recklessly!
You are too injured to fight recklessly!
You are too injured to fight recklessly!
You are too injured to fight recklessly!
You are too injured to fight recklessly!
You are too injured to fight recklessly!
You see here a buckler.
r - a buckler The ogre hits you with a +0 giant club!!
Ouch! That really hurt!
You die...

###..###.#.#######.##....#....
#..........# #....... #..
#......#...# ###### #...# ###.
#......+...# #....# #.⌠.# #...
#......#...# #....###...###.##
#......#...# #..............##
#......#...# #.....⌠..>..⌠..##
#......#...###................
#...........O@....###...###!##
######............# #.⌠.# #.#
#............###...###.#
#########..............#
#..............#
#............†.#
#..............#
#..............#
#..............#


You could see an ogre.

Vanquished Creatures
  A centaur (D:5)
  A jelly (D:5)
  A hound (D:5)
  Jessica (D:2)
  2 worker ants (D:5)
  A worker ant zombie (D:5)
  4 gnolls (D:2)
  2 adders
  An ooze (D:1)
  3 worms
  4 leopard geckos
  An orc (D:5)
  4 bats
  2 giant cockroaches
  3 goblins (D:1)
  8 hobgoblins
  A jackal (D:3)
  3 quokkas
  A ball python (D:2)
  5 frilled lizards
  6 kobolds
  A quokka skeleton (D:5)
  4 rats
60 creatures vanquished.

Notes
Turn   | Place    | Note
-------+----------+-------------------------------------------
     0 | D:1      | ALWAYSlose the Gnoll Wanderer began the quest for the Orb.
     0 | D:1      | ALWAYSlose set off with the following items: a +0 dagger, a
                  | +2 scale mail; and the following spells available to
                  | memorise: Foxfire, Freeze, Stone Arrow, Frozen Ramparts
     0 | D:1      | Reached XP level 1. HP: 13/13 MP: 1/1
   353 | D:1      | Reached XP level 2. HP: 17/19 MP: 2/2
   922 | D:1      | Reached XP level 3. HP: 24/25 MP: 3/3
  1388 | D:2      | Gained mutation: Your system is resistant to poisons.
                  | (rPois) [potion of mutation]
  1388 | D:2      | Gained mutation: You expend magic power (3 MP) to
                  | strengthen your wands. [potion of mutation]
  1388 | D:2      | Gained mutation: You have a somewhat thin skeletal
                  | structure. (Dex +2, Stealth) [potion of mutation]
  1396 | D:2      | Reached skill level 1 in Invocations
  1404 | D:2      | Reached skill level 1 in Fighting
  1404 | D:2      | Reached skill level 1 in Short Blades
  1404 | D:2      | Reached skill level 1 in Long Blades
  1404 | D:2      | Reached skill level 1 in Axes
  1404 | D:2      | Reached skill level 1 in Polearms
  1404 | D:2      | Reached skill level 1 in Staves
  1404 | D:2      | Reached skill level 1 in Slings
  1404 | D:2      | Reached skill level 1 in Bows
  1404 | D:2      | Reached skill level 1 in Crossbows
  1404 | D:2      | Reached skill level 1 in Throwing
  1404 | D:2      | Reached skill level 1 in Dodging
  1404 | D:2      | Reached skill level 1 in Unarmed Combat
  1404 | D:2      | Reached skill level 1 in Spellcasting
  1404 | D:2      | Reached skill level 1 in Evocations
  1415 | D:2      | Reached XP level 4. HP: 8/32 MP: 5/5
  1927 | D:2      | Learned a level 3 spell: Stone Arrow
  2110 | D:2      | Upgraded the game from 0.26-a0-852-g6321bf7485 to
                  | 0.26-a0-854-gdc81c2f471
  2222 | D:2      | Reached skill level 1 in Hexes
  2222 | D:2      | Reached skill level 1 in Summonings
  2222 | D:2      | Reached skill level 1 in Necromancy
  2222 | D:2      | Reached skill level 1 in Translocations
  2222 | D:2      | Reached skill level 1 in Transmutations
  2222 | D:2      | Reached skill level 1 in Ice Magic
  2222 | D:2      | Reached skill level 1 in Air Magic
  2222 | D:2      | Reached skill level 1 in Earth Magic
  2222 | D:2      | Reached skill level 1 in Poison Magic
  3128 | D:2      | Noticed Jessica
  3147 | D:2      | Killed Jessica
  3148 | D:2      | Reached XP level 5. HP: 7/37 MP: 5/7
  3543 | D:3      | You fall into a shaft and drop 2 floors!
  3543 | D:5      | Entered Level 5 of the Dungeon
  3544 | D:5      | Noticed a centaur
  3742 | D:5      | Killed a centaur
  3743 | D:5      | Reached XP level 6. HP: 3/44 MP: 1/8
  4116 | D:5      | Found a staircase to the Ecumenical Temple.
  4127 | Temple   | Entered the Ecumenical Temple
  4370 | Temple   | Became a worshipper of Ru the Awakened
  4760 | D:5      | Reached skill level 5 in Armour
  5168 | D:5      | Slain by an ogre

Illustrated notes

Levels and vault maps discovered:
D:1:      dpeg_arrival_renting, layout_rooms, roderic_serpentine_path,
          minmay_misc_feat_chi, hangedman_decor_push, minmay_tree_intersection,
          patterned_corridor
D:2:      layout_loops_cross, uniq_jessica
D:3:      kennysheep_the_goblin_king, layout_basic, roderic_roman_lattice,
          kennysheep_generic_room_8
D:5:      layout_basic, minmay_temple_entry_junction, minmay_increasing_density
Temple:   oiseaux_autumnal_temple

Skill      XL: |  1  2  3  4  5  6 |
---------------+-------------------+-----
Conjurations   | 2 |  2.6
Invocations    | 1 2 |  2.2
Fighting       | 1 2 |  2.0
Short Blades   | 1 2 |  2.0
Long Blades    | 1 2 |  2.0
Axes           | 1 2 |  2.0
Polearms       | 1 2 |  2.0
Staves         | 1 2 |  2.0
Slings         | 1 2 |  2.0
Bows           | 1 2 |  2.0
Crossbows      | 1 2 |  2.0
Throwing       | 1 2 |  2.0
Dodging        | 1 2 |  2.0
Unarmed Combat | 1 2 |  2.0
Spellcasting   | 1 2 |  2.0
Evocations     | 1 2 |  2.0
Hexes          | 1 |  1.6
Summonings     | 1 |  1.6
Necromancy     | 1 |  1.6
Translocations | 1 |  1.6
Transmutations | 1 |  1.6
Ice Magic      | 1 |  1.6
Air Magic      | 1 |  1.6
Earth Magic    | 1 |  1.6
Poison Magic   | 1 |  1.6
Maces & Flails | 3 |  3.3
Shields        | 3 |  3.3
Stealth        | 3 |  3.1
Armour         | 5 |  5.0
Fire Magic     | |  7.3

Action                   |  1- 3 |  4- 6 || total
-------------------------+-------+-------++-------
Melee: Dagger            |   173 |   354 ||   527
       Bite              |    17 |    46 ||    63
       Punch             |       |     5 ||     5
Throw: Dart              |       |     1 ||     1
Evoke: Wand              |       |     2 ||     2
  Use: Potion            |     7 |       ||     7
 Stab: Invisible         |     3 |     1 ||     4
       Sleeping          |       |     6 ||     6
       Paralysed         |       |     1 ||     1
Armor: Scale mail        |    83 |   186 ||   269
Dodge: Dodged            |    71 |   172 ||   243

Table legend: (Time is in decaauts)
 A = Elapsed time spent in this place.
 B = Non-inter-level travel time spent in this place.
 C = Inter-level travel time spent in this place.
 D = Time resting spent in this place.
 E = Time spent auto-exploring this place.
 F = Levels seen in this place.
 G = Mean time per level.
                   A        B        C        D        E       F      G
               +--------+--------+--------+--------+--------+-----+--------+
         Total |   5149 |   5033 |    116 |   2025 |   2196 |   5 | 1029.8 |
       Dungeon |   4870 |   4787 |     83 |   2025 |   1953 |   4 | 1217.5 |
        Temple |    279 |    246 |     33 |      0 |    243 |   1 |  279.0 |
               +--------+--------+--------+--------+--------+-----+--------+

Top non-repeatable levels by time:
     D:2: 2075 daAuts
     D:1: 1360 daAuts
     D:5: 1342 daAuts
  Temple: 279 daAuts
     D:3: 91 daAuts
